[Event "Titled Tuesday Blitz February 28 Early 2023"]
[White "Bilan, Danila"]
[Black "Aradhya, Garg"]
[WhiteFideId "24161918"]
[BlackFideId "25006746"]
[WhiteElo "2182"]
[BlackElo "2278"]
[Result "1/2-1/2"]
[Round "04"]
[TimeControl "180+2"]
[Date "2023.02.28"]
[WhiteClock "0:00:06"]
[BlackClock "0:00:09"]

1. d4 d5 2. Nf3 Nf6 3. c4 c6 4. Nc3 dxc4 5. a4 Bf5 6. e3 e6 7. Bxc4 Bb4 8. O-O O-O 9. Qe2 Bg6 10. Ne5 Nbd7 11. Nxg6 hxg6 12. Rd1 Qe7 13. Bd2 a5 14. Rac1 e5 15. d5 e4 16. dxc6 bxc6 17. Ba2 Nc5 18. Qc4 Rad8 19. Bb1 Rfe8 20. Be1 Qe5 21. h3 g5 22. Ba2 Ne6 23. Qxc6 g4 24. Bxe6 fxe6 25. h4 Qf5 26. g3 Rf8 27. Rxd8 Rxd8 28. Nb5 Bxe1 29. Rxe1 Rd2 30. Rf1 Qd5 31. Qc8+ Kh7 32. Nd4 e5 33. Qf5+ Kh8 34. Ne6 Qd7 35. Nxg7 Kxg7 36. Qg5+ Kf7 37. Qxe5 Qe6 38. Qxa5 Rxb2 39. Qa7+ Kg6 40. Qa8 Re2 41. Qb8 Rd2 42. Qa8 Qd6 43. Qc8 Rd1 44. Rxd1 Qxd1+ 45. Kg2 Qf3+ 46. Kg1 Qd1+ 47. Kg2 Qd5 48. Qb8 Qd1 49. Qf8 Qxa4 50. Qh8 Qd1 51. Qa8 Qf3+ 52. Kg1 Qf5 53. Kg2 Qd5 54. Qb8 Qe6 55. Qf4 Qf5 56. Qd6 Qf3+ 57. Kg1 Qf5 58. Kg2 Qd7 59. Qf8 Qf7 60. Qd6 Kg7 61. Qe5 Qd7 62. Qg5+ Kf7 63. Qe5 Qe7 64. Qc3 Ke6 65. Qc4+ Kf5 66. Qb5+ Qe5 67. Qb7 Kg6 68. Qc8 Qf5 69. Qd8 Qf3+ 70. Kg1 Qe2 71. Kg2 Qd3 72. Qe7 Qd5 73. Qf8 Qf7 74. Qd8 Nh7 75. Qd6+ Qf6 76. Qd7 Qf3+ 77. Kg1 Nf6 78. Qd6 Qe2 79. Kg2 Qd3 80. Qf8 Qd5 81. Qe7 Qf7 82. Qd6 Kg7 83. Qe5 Qd5 84. Qe7+ Kg6 85. Qf8 Qf7 1/2-1/2


[Site "https://www.chess.com"]

[Event "Titled Tuesday Blitz February 28 Early 2023"]
[White "Dragomirescu, Angela"]
[Black "Wagner, Dennis"]
[WhiteFideId "1209914"]
[BlackFideId "24650684"]
[WhiteElo "2171"]
[BlackElo "2470"]
[Result "1-0"]
[Round "04"]
[TimeControl "180+2"]
[Date "2023.02.28"]
[WhiteClock "0:00:55"]
[BlackClock "0:00:33"]

1. e4 c5 2. Nf3 d6 3. d4 cxd4 4. Nxd4 Nf6 5. Nc3 a6 6. Bg5 e6 7. f4 Nbd7 8. Bc4 b5 9. Bxe6 fxe6 10. Nxe6 Qa5 11. Qd4 b4 12. Nd5 Nxd5 13. exd5 Kf7 14. Bd8 Qb5 15. Nc7 Qb7 16. Nxa8 Qxa8 17. O-O-O Bb7 18. Bh4 Nf6 19. Bxf6 gxf6 20. Rhe1 Be7 21. Qe4 Qd8 22. Qxb4 Qd7 23. Qe4 f5 24. Qf3 Bf6 25. Re6 h5 26. Rxf6+ Kxf6 27. Qc3+ Kg6 28. Qxh8 Qf7 29. Qb8 Bxd5 30. Qxd6+ Be6 31. Re1 Kf6 32. Rxe6+ Qxe6 33. Qxe6+ Kxe6 34. Kd2 Kd5 35. Kd3 h4 36. g3 h3 37. b4 a5 38. c4+ Kc6 39. a3 a4 40. Kd4 Kd6 41. c5+ Kc6 42. Kc4 Kd7 43. b5 Kc7 44. Kd5 Kb7 45. c6+ Kb6 46. Kd6 Ka7 47. c7 Kb7 48. Kd7 Ka7 49. Kd8 Kb6 50. c8=Q Ka7 51. Qc6 Kb8 52. Kd7 Ka7 53. b6+ Kb8 54. Qc7+ Ka8 55. Qa7# 1-0


[Site "https://www.chess.com"]

[Event "Titled Tuesday Blitz February 28 Early 2023"]
[White "Costachi, Mihnea"]
[Black "Derjabin, Ilja"]
[WhiteFideId "1217518"]
[BlackFideId "14104768"]
[WhiteElo "2456"]
[BlackElo "2309"]
[Result "1-0"]
[Round "04"]
[TimeControl "180+2"]
[Date "2023.02.28"]
[WhiteClock "0:00:14"]
[BlackClock "0:00:04"]

1. Nc3 e6 2. d4 d5 3. Bf4 Bd6 4. Bg3 Ne7 5. e4 Bxg3 6. hxg3 Nbc6 7. Nf3 h6 8. Qd2 b6 9. O-O-O Bb7 10. g4 dxe4 11. Nxe4 Qd5 12. Nc3 Qa5 13. g5 h5 14. Ne5 O-O-O 15. Nxf7 Rxd4 16. Qe3 Rxd1+ 17. Kxd1 Rf8 18. Bc4 Kb8 19. Bxe6 Nf5 20. Qd3 g6 21. Bxf5 gxf5 22. g6 Rg8 23. Rxh5 Rxg6 24. Qxf5 Qxf5 25. Rxf5 Rxg2 26. Nh6 Nd4 27. Rf8+ Bc8 28. Ne2 Ne6 29. Rf6 Kb7 30. Nf5 Rxf2 31. Nd6+ cxd6 32. Rxf2 Kc6 33. Kd2 Ba6 34. Ke3 Nc5 35. Nd4+ Kd5 36. Rf5+ Kc4 37. a3 Bc8 38. Rf4 Kd5 39. b3 Ke5 40. Rh4 a5 41. Rh5+ Kf6 42. Rh6+ Ke5 43. c4 Bd7 44. b4 axb4 45. axb4 Na6 46. Rh5+ Kf6 47. Nc2 Bf5 48. Nd4 Bg6 49. Rb5 Nc7 50. Rxb6 Ke5 51. Nf3+ Kf6 52. Kd4 Ne6+ 53. Kc3 Be4 54. Nd4 Nf4 55. Rxd6+ Ke5 56. Rd8 Ne2+ 57. Nxe2 1-0


[Site "https://www.chess.com"]

[Event "Titled Tuesday Blitz February 28 Early 2023"]
[White "Malek, Jan"]
[Black "Garakov, Mikhael"]
[WhiteFideId "21864080"]
[BlackFideId "4169034"]
[WhiteElo "2255"]
[BlackElo "2347"]
[Result "0-1"]
[Round "04"]
[TimeControl "180+2"]
[Date "2023.02.28"]
[WhiteClock "0:00:04"]
[BlackClock "0:00:09"]

1. Nf3 c5 2. g3 b6 3. Bg2 Bb7 4. O-O Nf6 5. b3 e6 6. Bb2 Be7 7. c4 O-O 8. Nc3 d6 9. d4 cxd4 10. Qxd4 a6 11. Rfd1 Nbd7 12. e4 Qc8 13. Rac1 Rd8 14. h3 Nc5 15. Nd2 Qc7 16. Nf1 Rac8 17. Ne3 Qb8 18. b4 Ncd7 19. a3 Qa8 20. f4 h6 21. Kh2 Bf8 22. Ng4 Nxg4+ 23. hxg4 Nf6 24. Bf3 b5 25. cxb5 axb5 26. Nxb5 Bxe4 27. Bxe4 Nxe4 28. Rxc8 Rxc8 29. Rc1 Nf6 30. Rxc8 Qxc8 31. Qd1 e5 32. fxe5 Nxg4+ 33. Kg1 dxe5 34. Nc3 Bc5+ 35. bxc5 Qxc5+ 36. Kf1 Ne3+ 37. Ke2 Nxd1 38. Kxd1 Qc4 39. Kc2 e4 40. a4 Qd3+ 41. Kb3 e3 42. Kb4 e2 43. Nxe2 Qxe2 44. Bd4 Qg4 45. Kc5 Qxg3 46. a5 Qc7+ 47. Kb5 Qd7+ 48. Kc5 h5 49. Be5 h4 50. a6 g5 51. Bb8 Qc8+ 0-1


[Site "https://www.chess.com"]

[Event "Titled Tuesday Blitz February 28 Early 2023"]
[White "Hasangatin, Ramil"]
[Black "Reprintsev, Alexander"]
[WhiteFideId "4122160"]
[BlackFideId "14100541"]
[WhiteElo "2310"]
[BlackElo "2250"]
[Result "1-0"]
[Round "04"]
[TimeControl "180+2"]
[Date "2023.02.28"]
[WhiteClock "0:00:35"]
[BlackClock "0:00:07"]

1. d4 d5 2. Nc3 Nf6 3. Bg5 Bf5 4. Bxf6 gxf6 5. e3 c6 6. Bd3 Qd7 7. Nge2 h5 8. h4 Rg8 9. Bxf5 Qxf5 10. Ng3 Qg6 11. Qd3 Qxd3 12. cxd3 Rh8 13. Nce2 e5 14. Nf5 c5 15. dxc5 Bxc5 16. Neg3 Nc6 17. Nxh5 Be7 18. Ke2 Kd7 19. g4 Rag8 20. Rhg1 Nd8 21. Rac1 Ne6 22. f3 a6 23. Nhg3 Bb4 24. a3 Ba5 25. Rc2 d4 26. Ne4 Bd8 27. Nc5+ Nxc5 28. Rxc5 dxe3 29. Rgc1 Rg6 30. Rd5+ 1-0


[Site "https://www.chess.com"]

[Event "Titled Tuesday Blitz February 28 Early 2023"]
[White "Khamdamova, Afruza"]
[Black "Mirzoev, Azer"]
[WhiteFideId "14210444"]
[BlackFideId "13400304"]
[WhiteElo "2210"]
[BlackElo "2525"]
[Result "0-1"]
[Round "04"]
[TimeControl "180+2"]
[Date "2023.02.28"]
[WhiteClock "0:00:21"]
[BlackClock "0:01:00"]

1. e4 c5 2. Nf3 e6 3. d4 cxd4 4. Nxd4 a6 5. Nc3 b5 6. Be2 Bb7 7. f3 Nc6 8. Be3 Qc7 9. Nxc6 Bxc6 10. Qd4 Nf6 11. Rd1 Be7 12. e5 Nd5 13. Nxd5 Bxd5 14. O-O Qxc2 15. Bd3 Qa4 16. Qxa4 bxa4 17. Be4 Bxe4 18. fxe4 Rb8 19. Rf2 Rb7 20. Rfd2 f6 21. Bf4 Rf8 22. exf6 gxf6 23. g3 f5 24. exf5 Rxf5 25. Rc1 Rc5 26. Rdc2 Rxc2 27. Rxc2 Bf6 28. Rc8+ Kf7 29. Rc4 Rxb2 30. Rxa4 Rb6 31. Be3 Rc6 32. Kf2 d5 33. Kf3 e5 34. g4 Ke6 35. g5 Bd8 36. Rh4 d4 37. Rh6+ Kd5 38. Rxc6 Kxc6 39. Bc1 Kd5 40. h4 e4+ 41. Kf4 Bc7+ 42. Kg4 d3 43. h5 Ba5 44. g6 hxg6 45. hxg6 Ke6 46. Kf4 d2 47. Bxd2 Bxd2+ 48. Kxe4 Kf6 49. Kd3 Be1 50. Ke2 Bb4 51. Kd3 a5 52. Kc4 Kxg6 53. Kb5 Be1 54. a4 Kf5 55. Kc4 Ke5 56. Kb3 Kd4 57. Kb2 Bb4 58. Kb3 Kd5 59. Kb2 Kc5 60. Ka2 Kc4 61. Kb2 Bc5 62. Ka2 Bd6 63. Kb2 Kb4 64. Ka2 Kxa4 65. Kb2 Kb4 66. Kb1 a4 67. Ka2 a3 68. Kb1 Kb3 69. Ka1 Be5+ 0-1


[Site "https://www.chess.com"]

[Event "Titled Tuesday Blitz February 28 Early 2023"]
[White "Srihari L R"]
[Black "Eswaran, Ashritha"]
[WhiteFideId "46617116"]
[BlackFideId "2080788"]
[WhiteElo "2334"]
[BlackElo "2521"]
[Result "0-1"]
[Round "04"]
[TimeControl "180+2"]
[Date "2023.02.28"]
[WhiteClock "0:00:02"]
[BlackClock "0:00:21"]

1. Nf3 d5 2. e3 c6 3. b3 Bf5 4. Bb2 Nf6 5. h3 h6 6. Bd3 Bxd3 7. cxd3 e6 8. O-O Nbd7 9. d4 Bd6 10. Ne5 O-O 11. f4 Ne4 12. d3 Ng3 13. Rf3 Nf5 14. e4 Bxe5 15. dxe5 dxe4 16. dxe4 Nxe5 17. Rf1 Qb6+ 18. Kh1 Ng3+ 19. Kh2 Nxf1+ 20. Qxf1 Ng6 21. Nd2 Rad8 22. Nc4 Qc7 23. e5 b5 24. Nd6 f6 25. Qc1 Rxd6 26. exd6 Qxd6 27. g3 h5 28. Qc2 h4 29. Qxg6 Qd2+ 30. Kh1 Qxb2 31. Rg1 hxg3 32. Rxg3 Rf7 33. Rg2 Qc1+ 34. Rg1 Qxf4 35. Qc2 Qf3+ 36. Kh2 Qf4+ 37. Kh1 Qf3+ 38. Kh2 Rd7 39. Rg2 Rd3 40. Qc5 Qxh3+ 41. Kg1 Qe3+ 42. Qxe3 Rxe3 43. Rc2 Re1+ 44. Kf2 Ra1 45. Rxc6 Rxa2+ 46. Ke3 Rb2 47. Rxe6 Rxb3+ 48. Kf4 Kf7 49. Ra6 g5+ 50. Kf5 Rf3+ 51. Kg4 Rf4+ 52. Kg3 Ra4 53. Rc6 Kg6 54. Rc7 b4 55. Rb7 Ra3+ 56. Kg4 f5# 0-1


[Site "https://www.chess.com"]

[Event "Titled Tuesday Blitz February 28 Early 2023"]
[White "Barrientos, Sergio E"]
[Black "Real_taiatai"]
[WhiteFideId "4401824"]
[WhiteElo "2408"]
[BlackElo "2518"]
[Result "1-0"]
[Round "04"]
[TimeControl "180+2"]
[Date "2023.02.28"]
[WhiteClock "0:00:23"]
[BlackClock "0:00:07"]

1. e4 c5 2. d4 cxd4 3. Nf3 Nc6 4. c3 d3 5. Bxd3 g6 6. h4 Bg7 7. h5 d6 8. Na3 Bg4 9. h6 Bf6 10. Nc4 Rc8 11. Ne3 Bxf3 12. Qxf3 Ne5 13. Bb5+ Nc6 14. Nd5 a6 15. Ba4 b5 16. Bb3 e6 17. Nxf6+ Qxf6 18. Bf4 Ne5 19. Bxe5 Qxe5 20. O-O-O Nf6 21. Rxd6 Nxe4 22. Rd3 Qg5+ 23. Kc2 Nc5 24. Rd4 Nxb3 25. axb3 O-O 26. Rg4 Qe7 27. Qe3 Rfd8 28. Rd4 Rxd4 29. Qxd4 e5 30. Re1 Re8 31. Qb6 Qg5 32. Qxa6 Qf5+ 33. Kc1 Qxf2 34. Rd1 Qf4+ 35. Kc2 Qxh6 36. Qxb5 Rf8 37. Qxe5 Qh4 38. b4 Qg4 39. Rd2 h5 40. b5 h4 41. b6 Qa4+ 42. Kc1 Qa1+ 43. Kc2 Qa4+ 44. Kb1 Ra8 45. Qd5 Qa1+ 46. Kc2 Qa4+ 47. Kd3 Qg4 48. Qxa8+ Kg7 49. Qe4 Qg3+ 50. Kc4 Qb8 51. Qd4+ Kh7 52. Re2 Qc8+ 53. Kb4 Qf8+ 54. Qc5 Qh6 55. Re7 Qf4+ 56. c4 Kg7 57. Qe5+ Qxe5 58. Rxe5 Kf6 59. Rd5 g5 60. b7 g4 61. b8=Q h3 62. Qf4+ 1-0


[Site "https://www.chess.com"]

[Event "Titled Tuesday Blitz February 28 Early 2023"]
[White "Csonka, Balazs"]
[Black "Eynullayev, Atilla"]
[WhiteFideId "742910"]
[BlackFideId "13413570"]
[WhiteElo "2404"]
[BlackElo "2181"]
[Result "1-0"]
[Round "04"]
[TimeControl "180+2"]
[Date "2023.02.28"]
[WhiteClock "0:00:11"]
[BlackClock "0:00:03"]

1. d4 Nf6 2. c4 e6 3. g3 d5 4. Bg2 Be7 5. Nf3 O-O 6. O-O dxc4 7. Qc2 a6 8. a4 Bd7 9. Qxc4 Bc6 10. Bg5 Bd5 11. Qc2 Be4 12. Qc1 h6 13. Bxf6 Bxf6 14. e3 a5 15. Rd1 c6 16. Nbd2 Bh7 17. Nb3 Na6 18. Qc3 Nb4 19. Rd2 Nd5 20. Qc1 Be7 21. Ne5 Bb4 22. Rd1 Qe7 23. Nd2 Rfd8 24. Be4 Bxe4 25. Nxe4 Nf6 26. Nxf6+ Qxf6 27. Nd3 Bf8 28. Qc2 h5 29. Qe2 g6 30. Rac1 Kg7 31. Kg2 Be7 32. Rc3 h4 33. Qg4 Rh8 34. Rb3 Ra7 35. Rc1 Rh5 36. Nf4 Rh8 37. Rc4 hxg3 38. hxg3 Bb4 39. Rc1 Qe7 40. Nd3 Bd6 41. Rh1 Rxh1 42. Kxh1 Ra8 43. Kg2 Qd7 44. Qf3 Bf8 45. Ne5 Qc7 46. Qe4 Bd6 47. Nc4 Bb4 48. f4 Rh8 49. Qe5+ Qxe5 50. fxe5 f6 51. exf6+ Kxf6 52. Rd3 Rd8 53. Rd1 c5 54. Rf1+ Kg7 55. Ne5 cxd4 56. exd4 Rxd4 57. Rf7+ Kg8 58. Rxb7 Rd2+ 59. Kf3 Rxb2 60. Nxg6 Rb3+ 61. Kg4 Rb2 62. Nf4 e5 63. Nd5 e4 64. Kf5 1-0


[Site "https://www.chess.com"]

[Event "Titled Tuesday Blitz February 28 Early 2023"]
[White "Md, Imran"]
[Black "Yurasova, Daria"]
[WhiteFideId "25748580"]
[BlackFideId "34146919"]
[WhiteElo "2217"]
[BlackElo "2134"]
[Result "1/2-1/2"]
[Round "04"]
[TimeControl "180+2"]
[Date "2023.02.28"]
[WhiteClock "0:00:22"]
[BlackClock "0:00:14"]

1. d4 d5 2. Nf3 Nf6 3. Bf4 Bf5 4. e3 e6 5. Bd3 Bg6 6. O-O Nbd7 7. Nc3 a6 8. Qe2 Bd6 9. Ne5 O-O 10. Rad1 Qe7 11. Bg3 c5 12. Nxg6 hxg6 13. dxc5 Bxg3 14. hxg3 Nxc5 15. e4 Nxd3 16. Rxd3 dxe4 17. Nxe4 Nxe4 18. Qxe4 Rac8 19. c3 Rfd8 20. Rfd1 b5 21. Rd4 a5 22. Qe5 Rxd4 23. Rxd4 b4 24. c4 a4 25. Qb5 a3 26. b3 Rd8 27. Qb6 Rxd4 28. Qxd4 Qg5 29. Qf4 Qd8 30. g4 Qd1+ 31. Kh2 Qe2 32. c5 Qxa2 33. Qc1 Qb2 34. Qd1 Qe5+ 35. g3 Qxc5 36. Qd8+ Qf8 37. Qa5 Qb8 38. Kg2 Qb7+ 39. f3 Kh7 40. Qd8 a2 41. Qh4+ Kg8 42. Qd8+ Kh7 43. Qh4+ Kg8 44. Qd8+ Kh7 1/2-1/2


[Site "https://www.chess.com"]

[Event "Titled Tuesday Blitz February 28 Early 2023"]
[White "Vaibhav Jayant Raut"]
[Black "Berkes, Ferenc"]
[WhiteFideId "5089034"]
[BlackFideId "718572"]
[WhiteElo "2156"]
[BlackElo "2664"]
[Result "0-1"]
[Round "04"]
[TimeControl "180+2"]
[Date "2023.02.28"]
[WhiteClock "0:00:01"]
[BlackClock "0:00:09"]

1. c4 Nf6 2. g3 g6 3. Bg2 Bg7 4. Nc3 O-O 5. d3 c6 6. e4 Na6 7. Nge2 Nc7 8. O-O d5 9. cxd5 cxd5 10. Bf4 dxe4 11. dxe4 Ne6 12. Qxd8 Rxd8 13. Be5 Bd7 14. Rfd1 Bc6 15. h3 h5 16. Rac1 Rac8 17. Nd5 Nxd5 18. Bxg7 Nb4 19. Be5 Nd3 20. Bc3 Nxc1 21. Rxc1 Bb5 22. Re1 Bxe2 23. Rxe2 Nd4 24. Re1 e5 25. Kf1 f6 26. h4 Kf7 27. Bh3 Rc6 28. Rc1 b5 29. Rd1 Rc4 30. a3 Nc6 31. Ra1 a5 32. Kg1 Rxe4 33. Bg2 Rc4 34. Bf1 Rc5 35. Be1 a4 36. Bc3 Nd4 37. Bb4 Rcd5 38. Rc1 f5 39. Kg2 e4 40. Rc7+ R8d7 41. Rc8 Nf3 42. Rf8+ Kg7 43. Be2 Nd4 44. Bf1 Rf7 45. Rb8 Rfd7 46. Bc3 Kf7 47. Rc8 Nf3 48. Bb4 Rd1 49. Rf8+ Ke6 50. Re8+ Kf7 51. Rf8+ Kg7 52. Rc8 Rb1 53. Bc3+ Kf7 54. Bxb5 Rdd1 55. Bc4+ Ke7 56. Rc7+ Kd6 57. Rd7+ Kxd7 0-1


[Site "https://www.chess.com"]

[Event "Titled Tuesday Blitz February 28 Early 2023"]
[White "Gauri, Shankar"]
[Black "Degenbaev, Aziz"]
[WhiteFideId "5041350"]
[BlackFideId "13802640"]
[WhiteElo "2240"]
[BlackElo "2152"]
[Result "0-1"]
[Round "04"]
[TimeControl "180+2"]
[Date "2023.02.28"]
[WhiteClock "0:00:06"]
[BlackClock "0:00:11"]

1. d4 Nf6 2. Nf3 g6 3. Nbd2 d5 4. b4 Bg7 5. e3 O-O 6. c4 c6 7. a4 Bf5 8. Bb2 Ne4 9. Be2 Nxd2 10. Qxd2 Nd7 11. O-O dxc4 12. Bxc4 Nb6 13. Be2 Qd5 14. Rfc1 Rfd8 15. a5 Nc8 16. b5 cxb5 17. a6 bxa6 18. Rxa6 Nb6 19. Ra5 a6 20. Ba3 Qd7 21. Ra1 Nd5 22. Bc5 Qc6 23. Qe1 Bf6 24. h3 Be4 25. Nd2 Bxg2 26. Nf3 Nxe3 27. fxe3 Bxf3 28. Bf1 Qd5 29. Qg3 e5 30. Bxb5 exd4 31. Bc4 Qxc4 32. Qxf3 Be5 33. exd4 Bxd4+ 34. Bxd4 Qxd4+ 35. Kg2 Rac8 36. R5a2 Rc3 37. Qf2 Qe4+ 38. Kg1 Rf3 39. Qg2 Qe3+ 40. Rf2 Rg3 41. Rf1 Rxg2+ 42. Kxg2 Rd2 43. Rxd2 Qxd2+ 44. Rf2 Qd5+ 45. Kh2 a5 46. h4 a4 47. h5 Qxh5+ 48. Kg2 Qg4+ 49. Kf1 Qc4+ 50. Kg1 a3 51. Rf1 a2 52. Kh2 Qxf1 53. Kg3 a1=Q 54. Kh4 Qaf6+ 0-1


[Site "https://www.chess.com"]

[Event "Titled Tuesday Blitz February 28 Early 2023"]
[White "Ronka, Erik"]
[Black "Belozerov, Andrei"]
[WhiteFideId "505080"]
[BlackFideId "4120213"]
[WhiteElo "2264"]
[BlackElo "2360"]
[Result "0-1"]
[Round "04"]
[TimeControl "180+2"]
[Date "2023.02.28"]
[WhiteClock "0:00:06"]
[BlackClock "0:00:09"]

1. e4 c5 2. Nf3 Nc6 3. d4 cxd4 4. Nxd4 g6 5. Nc3 Bg7 6. Be3 Nf6 7. Nxc6 bxc6 8. e5 Ng8 9. Bd4 f6 10. Qe2 fxe5 11. Bxe5 Nf6 12. O-O-O O-O 13. Qc4+ Kh8 14. h4 d6 15. h5 gxh5 16. Bxf6 Rxf6 17. Rxh5 Bf5 18. Bd3 Bxd3 19. Qxd3 Rh6 20. Rdh1 Qf8 21. Rxh6 Bxh6+ 22. Kb1 Rb8 23. a3 Qf6 24. Qh3 Kg7 25. Qg3+ Qg6 26. Qd3 Qxd3 27. cxd3 Bf4 28. g3 Be5 29. Kc2 d5 30. Ne2 Rxb2+ 31. Kd1 Rb1+ 32. Nc1 Bb2 33. Kc2 Rxc1+ 34. Rxc1 Bxc1 35. Kxc1 Kf6 36. Kd2 e5 37. Ke3 Kf5 38. f3 h5 39. d4 exd4+ 40. Kxd4 Ke6 41. f4 Kd6 42. a4 c5+ 43. Kd3 Ke6 44. Ke3 Kf5 45. Kf3 d4 46. Ke2 Ke4 47. Kd2 c4 48. Kc2 c3 49. Kb3 Ke3 50. f5 Kd2 51. f6 c2 52. f7 c1=Q 53. f8=Q Qc3+ 54. Ka2 Qc2+ 55. Ka3 Qd3+ 56. Ka2 Qe2 57. Kb1 d3 58. Qf4+ Qe3 59. Qb4+ Ke2 60. Ka2 d2 61. Qb2 Qe6+ 62. Kb1 Qd5 63. Qf6 Qe4+ 64. Ka2 Qd5+ 65. Kb2 d1=Q 66. Qa6+ Q5d3 67. Qh6 Q3d2+ 68. Qxd2+ Qxd2+ 69. Kb3 Qd3+ 70. Kb4 Qxg3 71. a5 Qb8+ 72. Ka4 a6 73. Ka3 Kd2 74. Ka2 Kc2 75. Ka1 Qb2# 0-1


[Site "https://www.chess.com"]

[Event "Titled Tuesday Blitz February 28 Early 2023"]
[White "Sadubayev, Airat"]
[Black "Manukyan, Sargis V."]
[WhiteFideId "13713264"]
[BlackFideId "13303465"]
[WhiteElo "2101"]
[BlackElo "2236"]
[Result "0-1"]
[Round "04"]
[TimeControl "180+2"]
[Date "2023.02.28"]
[WhiteClock "0:00:05"]
[BlackClock "0:00:06"]

1. d4 Nf6 2. c4 c5 3. d5 e6 4. Nc3 exd5 5. cxd5 Bd6 6. Nf3 O-O 7. Nd2 Re8 8. e4 Bc7 9. Be2 d6 10. O-O a6 11. a4 Nbd7 12. Re1 Rb8 13. Bf1 Ba5 14. f3 Qe7 15. Nc4 Bxc3 16. bxc3 Ne5 17. Ne3 b5 18. axb5 axb5 19. Bd2 c4 20. Nc2 Nfd7 21. Be3 Nc5 22. Nb4 Bd7 23. Ra7 Ra8 24. Qa1 Na4 25. Rxa8 Rxa8 26. Bd4 Qg5 27. Kh1 h5 28. Be2 h4 29. Qc1 Qg6 30. h3 Nc5 31. Qb2 Qg3 32. Ra1 Rxa1+ 33. Qxa1 Bxh3 34. gxh3 Qxh3+ 35. Kg1 Qg3+ 36. Kh1 Qh3+ 37. Kg1 Qg3+ 38. Kh1 Nxf3 39. Bxf3 Qxf3+ 40. Kh2 Nxe4 41. Qg1 g5 42. Qg2 Qf4+ 43. Kg1 Nd2 44. Qf2 Nf3+ 45. Kf1 g4 46. Be3 Qe4 47. Nc2 Qxd5 48. Nd4 Qe4 49. Nxf3 Qxf3 50. Qxf3 gxf3 51. Bf2 h3 52. Bg3 d5 53. Bf4 f5 54. Kf2 Kf7 55. Kxf3 d4 56. cxd4 Ke6 57. Ke3 Kd5 58. Be5 b4 59. Bf4 b3 60. Kd2 Kxd4 61. Be3+ Ke4 62. Bg1 Kf3 63. Bc5 h2 0-1


[Site "https://www.chess.com"]

[Event "Titled Tuesday Blitz February 28 Early 2023"]
[White "Vagman, Roy"]
[Black "Averjanov, Alexey"]
[WhiteFideId "2828995"]
[BlackFideId "14109867"]
[WhiteElo "2188"]
[BlackElo "2654"]
[Result "1/2-1/2"]
[Round "04"]
[TimeControl "180+2"]
[Date "2023.02.28"]
[WhiteClock "0:00:06"]
[BlackClock "0:00:06"]

1. e4 c6 2. Nf3 d5 3. d3 Qc7 4. Nc3 dxe4 5. Nxe4 Bg4 6. h3 Bh5 7. g4 Bg6 8. Bg2 Nd7 9. O-O Ngf6 10. Nxf6+ Nxf6 11. b3 Qa5 12. Bd2 Qc7 13. Bc3 e6 14. Qe2 Be7 15. Be5 Qb6 16. a4 a5 17. Nd2 O-O 18. Nc4 Qa6 19. h4 h6 20. h5 Bh7 21. f4 Nd5 22. Be4 Bxe4 23. dxe4 Nb6 24. f5 Nxc4 25. bxc4 Qb6+ 26. Kh1 exf5 27. gxf5 Bg5 28. Rab1 Qa7 29. f6 Rfe8 30. Rf5 Re6 31. Qg2 Rxe5 32. Rxe5 Bxf6 33. Rf5 Qd4 34. Rbf1 Kf8 35. c3 Qxc3 36. e5 Bxe5 37. Rxf7+ Kg8 38. Qg4 Qd2 39. R7f2 Qd6 40. c5 Qd5+ 41. Rf3 Rf8 42. Kg2 Rxf3 43. Rxf3 Qxc5 44. Qe6+ Kh7 45. Qg6+ Kh8 46. Qe8+ Kh7 47. Rf8 Qd5+ 48. Rf3 Qd2+ 49. Rf2 Qg5+ 50. Kf1 Qc1+ 51. Kg2 Qg5+ 52. Kf1 Qc1+ 53. Kg2 Qg5+ 1/2-1/2


[Site "https://www.chess.com"]

[Event "Titled Tuesday Blitz February 28 Early 2023"]
[White "Alex_Sahakyan2006"]
[Black "Goltseva, Ekaterina"]
[BlackFideId "24173770"]
[WhiteElo "2649"]
[BlackElo "2200"]
[Result "0-1"]
[Round "04"]
[TimeControl "180+2"]
[Date "2023.02.28"]
[WhiteClock "0:01:44"]
[BlackClock "0:00:15"]

1. e4 c5 2. Nc3 e6 3. Nge2 Nc6 4. g3 g6 5. d4 cxd4 6. Nxd4 Bg7 7. Be3 Nge7 8. Bg2 O-O 9. O-O Ne5 10. Qe2 a6 11. f4 N5c6 12. Rad1 Qc7 13. Nxc6 dxc6 14. Bc5 b6 15. Bd6 Qa7 16. e5 Nd5 17. Bxf8 Bxf8 18. Ne4 b5+ 19. Qf2 Ne3 20. Nf6+ Kg7 21. Rd8 Nxf1 22. Qxa7 Rxa7 23. Kxf1 Bb7 24. Rd7 Bc5 25. Ne8+ Kf8 26. Nd6 Ba8 27. Rd8+ Kg7 28. Ne8+ Kh6 29. g4 g5 30. Nf6 Be7 31. h4 Bxd8 32. hxg5+ Kg7 33. Ne8+ Kf8 34. Nd6 Be7 35. c4 Bxd6 36. exd6 bxc4 37. Ke1 Rd7 38. Kd2 Rxd6+ 39. Kc2 Rd8 40. Be4 c5 41. Bxh7 Kg7 42. f5 Kxh7 43. g6+ Kg7 44. fxe6 fxg6 45. g5 Re8 46. Kc3 Rxe6 47. Kxc4 Re5 48. a4 Rxg5 49. a5 Bc6 50. Kb3 Bb5 51. Ka3 Rf5 52. b3 g5 53. Kb2 g4 54. Ka3 g3 55. b4 g2 56. bxc5 Rxc5 57. Kb4 Rc6 58. Ka3 g1=Q 0-1


[Site "https://www.chess.com"]

[Event "Titled Tuesday Blitz February 28 Early 2023"]
[White "Krstulovic, Alex"]
[Black "Trent, Lawrence"]
[WhiteFideId "760056"]
[BlackFideId "408638"]
[WhiteElo "2311"]
[BlackElo "2458"]
[Result "1-0"]
[Round "04"]
[TimeControl "180+2"]
[Date "2023.02.28"]
[WhiteClock "0:01:18"]
[BlackClock "0:01:13"]

1. d4 Nf6 2. Nf3 e6 3. Bf4 c5 4. e3 Nd5 5. Bg3 Qb6 6. Nbd2 Qxb2 7. Rb1 Qa3 8. Rb3 Qa5 9. Bd3 cxd4 10. Nxd4 Nc6 11. Nb5 a6 12. Nd6+ Bxd6 13. Bxd6 Ndb4 14. O-O Nxd3 15. Rxd3 Qxa2 16. f4 b5 17. f5 Bb7 18. Nb3 O-O-O 19. Qd2 exf5 20. Qc3 b4 21. Qc5 1-0


[Site "https://www.chess.com"]

[Event "Titled Tuesday Blitz February 28 Early 2023"]
[White "Srebrnic, Marko"]
[Black "Kowalczyk, Pawel"]
[WhiteFideId "14603616"]
[BlackFideId "1130641"]
[WhiteElo "2341"]
[BlackElo "2324"]
[Result "0-1"]
[Round "04"]
[TimeControl "180+2"]
[Date "2023.02.28"]
[WhiteClock "0:00:04"]
[BlackClock "0:00:39"]

1. e4 c5 2. Nf3 e6 3. d4 cxd4 4. Nxd4 Qb6 5. Nb3 Nf6 6. f3 d5 7. e5 Nfd7 8. f4 Nc6 9. Bd3 Be7 10. Qe2 Nb4 11. Be3 Nxd3+ 12. Qxd3 Qc7 13. Nc3 b6 14. O-O Nc5 15. Qd2 Ba6 16. Rf3 Rc8 17. Nd4 Ne4 18. Nxe4 dxe4 19. Rg3 g6 20. Rd1 O-O 21. f5 exf5 22. Nxf5 Qxe5 23. Nh6+ Kg7 24. b4 Rfd8 25. Qc1 Bxb4 26. Ng4 Qe7 27. Bh6+ Kg8 28. Rxd8+ Rxd8 29. Bg5 Qxg5 30. Qxg5 Rd1+ 31. Kf2 Rf1+ 32. Ke3 Re1+ 33. Kd4 Rd1+ 34. Ke5 Bd6+ 0-1


[Site "https://www.chess.com"]

[Event "Titled Tuesday Blitz February 28 Early 2023"]
[White "Weetik, Vjacheslav"]
[Black "Ramirez Vido, Robert Yorisan"]
[WhiteFideId "4153472"]
[BlackFideId "3513823"]
[WhiteElo "2469"]
[BlackElo "2455"]
[Result "1-0"]
[Round "04"]
[TimeControl "180+2"]
[Date "2023.02.28"]
[WhiteClock "0:00:05"]
[BlackClock "0:00:03"]

1. d4 g6 2. e4 d6 3. Nf3 Nf6 4. Nc3 Bg7 5. Be2 O-O 6. O-O c6 7. a4 Qc7 8. Be3 e5 9. dxe5 dxe5 10. Nd2 Rd8 11. Qc1 Be6 12. Bc4 Bxc4 13. Nxc4 Nbd7 14. f3 Nf8 15. Qe1 Ne6 16. Qf2 b6 17. Rfd1 Nd4 18. Kh1 Rd7 19. Nxe5 Qxe5 20. Bxd4 Qh5 21. Rd3 Rad8 22. Rad1 Ne8 23. Bxg7 Rxd3 24. Rxd3 Rxd3 25. cxd3 Nxg7 26. d4 Qg5 27. g3 Ne6 28. d5 cxd5 29. Nxd5 Nc5 30. Qd4 Qc1+ 31. Kg2 Qc2+ 32. Kh3 Ne6 33. Qc3 Qe2 34. Nf6+ Kf8 35. Nxh7+ Ke7 36. Qf6+ Kd6 37. Ng5 Qf1+ 38. Kh4 Qg2 39. Nxf7+ Kd7 40. h3 Qd2 41. Ng5 Nxg5 42. Qxg5 Qxb2 43. Qxg6 Qb4 44. Qf5+ Kc6 45. Qb5+ Qxb5 46. axb5+ Kxb5 47. e5 a5 48. Kg5 a4 49. e6 a3 50. e7 a2 51. e8=Q+ Kb4 52. Qe5 Ka3 53. Qc3+ Ka4 54. Qb2 1-0


[Site "https://www.chess.com"]